 Dungeon Crawl Stone Soup version 0.18-a0-1692-g516f9e9 (webtiles) character file.

31161 xeno23 the Severer (level 13, -5/177 HPs)
             Began as a Minotaur Berserker on Apr 5, 2016.
             Was a High Priest of Trog.
             Hit by a large rock thrown by a cyclops (20 damage)
             ... on level 14 of the Dungeon.
             The game lasted 00:37:41 (10168 turns).

xeno23 the Severer (Minotaur Berserker)            Turns: 10168, Time: 00:37:42

Health: -5/177     AC: 20    Str: 28    XL:     13   Next: 24%
Magic:  16/16      EV: 15    Int:  4    God:    Trog [*****.]
Gold:   826        SH:  0    Dex: 14    Spells: 0 memorised, 12 levels left

rFire  + . .     SeeInvis .     a - +0 battleaxe
rCold  . . .     Gourm    .     Y - +2 chain mail {rF+}
rNeg   . . .     Faith    .     (shield currently unavailable)
rPois  +         Spirit   .     (helmet restricted)
rElec  .         Dismiss  .     q - +0 cloak
rCorr  .         Reflect  .     u - +1 pair of gloves
SustAt .         Harm     .     N - +1 pair of boots
MR     .....                    (no amulet)
Stlth  ..........               o - ring of poison resistance
                                F - +3 ring of slaying

@: berserking, very quick, not resistant to hostile enchantments, extremely
unstealthy
A: retaliatory headbutt, horns 2
a: Berserk, Trog's Hand, Brothers in Arms, Burn Spellbooks, Renounce Religion


You were on level 14 of the Dungeon.
You worshipped Trog.
Trog was extremely pleased with you.
You were not hungry.

You visited 1 branch of the dungeon, and saw 14 of its levels.

You collected 826 gold pieces.

Inventory:

Hand Weapons
 a - a +0 battleaxe (weapon)
Missiles
 Z - 6 steel javelins (quivered)
Armour
 q - a +0 cloak (worn)
 u - a +1 pair of gloves (worn)
 N - a +1 pair of boots (worn)
 Y - a +2 chain mail of fire resistance (worn)
Jewellery
 d - an uncursed ring of flight
 e - an uncursed ring of ice
 k - an uncursed ring of see invisible
 o - a ring of poison resistance (right hand)
 A - an uncursed ring of positive energy
 F - a +3 ring of slaying (left hand)
Wands
 i - a wand of polymorph (5/24)
 w - a wand of iceblast (6/15)
 y - a wand of paralysis (15/24)
 B - a wand of iceblast (11/15)
 U - a wand of disintegration (2/24)
Scrolls
 f - 8 scrolls of remove curse
 j - a scroll of random uselessness {unknown}
 p - a scroll of enchant armour {unknown}
 v - 2 scrolls of magic mapping
 x - 4 scrolls of enchant weapon
 G - a scroll of fog
 H - a scroll of summoning {unknown}
 I - a scroll of vulnerability {unknown}
 K - a scroll of immolation
 Q - a scroll of blinking {unknown}
 T - a scroll of teleportation
Potions
 b - 2 potions of flight
 g - a potion of cure mutation
 l - 5 potions of curing
 s - a potion of heal wounds
 t - 2 potions of lignification
 z - a potion of haste
 C - 3 potions of brilliance
 D - 2 potions of cancellation
 L - 2 potions of resistance
 M - 3 potions of might
 O - a potion of ambrosia {unknown}
 S - a potion of mutation {unknown}
 V - a potion of berserk rage {unknown}
 X - a potion of invisibility {unknown}
Books
 E - a book of Minor Magic

   Spells                             Type                      Level
   a - Magic Dart                     Conjuration                  1
   b - Blink                          Translocation                2
   c - Call Imp                       Summoning                    2
   d - Repel Missiles                 Charms/Air                   2
   e - Slow                           Hexes                        2
   f - Conjure Flame                  Conjuration/Fire             3
   g - Mephitic Cloud                 Conjuration/Poison/Air       3
   Trog disapproves of the use of such an item.
 P - a book of Air

   Spells                             Type                      Level
   a - Shock                          Conjuration/Air              1
   b - Swiftness                      Charms/Air                   2
   c - Repel Missiles                 Charms/Air                   2
   d - Static Discharge               Conjuration/Air              3
   e - Lightning Bolt                 Conjuration/Air              5
   Trog disapproves of the use of such an item.
Comestibles
 c - 8 bread rations
 h - 11 fruits
 m - 5 slices of pizza
 n - 6 meat rations
 r - a chunk of flesh
 J - 11 royal jellies
 R - a beef jerky


   Skills:
 + Level 12.2 Fighting
 * Level 15.8 Axes
 + Level 11.9 Armour
 + Level 10.9 Dodging
 + Level 5.9 Evocations


You had 12 spell levels left.
You didn't know any spells.

Dungeon Overview and Level Annotations

Branches:
Dungeon (14/15)            Temple (0/1) D:5            Lair (0/8) D:10
    Orc (0/2) D:10         Vaults (0/5) D:14

Altars:
Elyvilon
Nemelex Xobeh
Okawaru
Sif Muna

Shops:
D:10 [

Portals:
Trove: D:10 (give +4 ice dragon armour)


Innate Abilities, Weirdness & Mutations

You reflexively headbutt those who attack you in melee.
You have a pair of horns on your head.


Message History

The yak is severely wounded.
The yak barely misses you.
You barely miss the yak.
The yak is severely wounded.
You slash the yak! You headbutt the yak.
You kill the yak!
Trog accepts your kill.
You slice the freezing wraith!! You headbutt the freezing wraith.
The freezing wraith is severely damaged.
The freezing wraith misses you. x2
You slash the freezing wraith!
Your headbutt misses the freezing wraith.
The freezing wraith is almost destroyed.
The phantasmal warrior blinks!
The worker ant waves its antennae.
You barely miss the freezing wraith. You headbutt the freezing wraith.
You feel the power of Trog in you as your rage grows.
You destroy the freezing wraith!
The cyclops throws a large rock.
The large rock hits you!!
You die... #. #. #. ## #. .. #. .# #. §. #)##C#.#.# #.@†YYa... ####Y#%#.# ..
W# #

You could see a cyclops, a phantasmal warrior, 2 yaks, a sheep and a worker ant.

Vanquished Creatures
  Erolcha (D:8)
  3 hydras
  A centaur warrior (D:14)
  A death knight (D:14)
  4 skeletal warriors
  A deep elf archer (D:14)
  8 hill giants
  4 deep elf magi
  A phantasmal warrior (D:14)
  A wolf spider zombie (D:12)
  4 ugly things
  2 manticores
  A cyclops (D:11)
  A komodo dragon (D:13)
  2 yaktaurs (D:14)
  3 freezing wraiths (D:14)
  3 trolls
  A wind drake (shapeshifter) (D:13)
  A hornet zombie (D:13)
  Grinder (D:5)
  2 two-headed ogres (D:12)
  2 shadows
  2 vampires
  9 yaks
  4 vampire mosquitoes (D:12)
  2 hippogriffs
  A hungry ghost (D:12)
  4 water moccasins
  A black bear (D:10)
  An orc warrior (D:8)
  A sky beast (D:11)
  2 wasps
  A necrophage (D:9)
  2 ogres
  19 centaurs
  A crocodile (D:7)
  2 big kobolds
  6 giant frogs
  A gnoll sergeant (D:11)
  4 scorpions
  A wyvern skeleton (D:11)
  11 killer bees
  9 wights
  3 howler monkeys (D:8)
  8 crimson imps
  4 centaur zombies
  8 hounds
  A giant frog zombie (D:11)
  8 jellies
  2 orc priests (D:8)
  8 centaur skeletons
  3 giant frog skeletons
  A gnoll shaman (D:8)
  3 iguanas
  An orc wizard (D:7)
  14 worker ants
  A sheep (D:14)
  A worker ant zombie (D:11)
  A hound skeleton (D:8)
  Robin (D:3)
  13 gnolls
  14 adders
  2 shadow imps
  6 oozes
  3 adder skeletons
  3 worms
  The ghost of 4thArraOfDagon the Chopper, a weakling HOGl (D:4)
  A dart slug (D:4)
  5 giant geckos
  16 orcs
  A ball python (D:1)
  6 giant cockroaches
  16 goblins
  7 hobgoblins
  8 jackals
  2 quokkas
  4 bats
  A giant cockroach zombie (D:5)
  A giant gecko skeleton (D:7)
  5 giant newts
  19 kobolds
  A quokka skeleton (D:4)
  5 rats
340 creatures vanquished.

Vanquished Creatures (collateral kills)
  A hydra (D:12)
  A centaur warrior (D:14)
  A tengu warrior (D:14)
  A yaktaur (D:14)
  A centaur (D:14)
  A hound (D:14)
6 creatures vanquished.

Vanquished Creatures (others)
  A quokka (D:14)
1 creature vanquished.

Grand Total: 347 creatures vanquished

Notes
Turn   | Place    | Note
--------------------------------------------------------------
     0 | D:1      | xeno23 the Minotaur Berserker began the quest for the Orb.
     0 | D:1      | Reached XP level 1. HP: 19/19 MP: 0/0
   241 | D:1      | Reached XP level 2. HP: 25/27 MP: 1/1
   280 | D:1      | Reached skill level 4 in Axes
   463 | D:1      | Reached XP level 3. HP: 33/33 MP: 2/2
   818 | D:2      | Reached ** piety under Trog
  1559 | D:3      | Noticed Robin
  1570 | D:3      | Reached XP level 4. HP: 40/40 MP: 3/3
  1577 | D:3      | Killed Robin
  1710 | D:3      | Found a deep blue altar of Sif Muna.
  1712 | D:3      | Found a white marble altar of Elyvilon.
  2281 | D:4      | Reached skill level 5 in Axes
  2367 | D:4      | Reached *** piety under Trog
  2367 | D:4      | Reached XP level 5. HP: 46/47 MP: 4/4
  2454 | D:4      | Found a sparkling altar of Nemelex Xobeh.
  2526 | D:4      | Noticed 4thArraOfDagon's ghost (weakling HOGl)
  2533 | D:4      | Killed 4thArraOfDagon's ghost
  2707 | D:5      | Entered Level 5 of the Dungeon
  2708 | D:5      | Noticed Grinder
  2726 | D:5      | Killed Grinder
  2726 | D:5      | Reached skill level 5 in Fighting
  2726 | D:5      | Reached skill level 6 in Axes
  2726 | D:5      | Reached XP level 6. HP: 56/56 MP: 5/5
  2820 | D:5      | Reached XP level 7. HP: 41/61 MP: 6/6
  2829 | D:5      | Reached skill level 7 in Axes
  2899 | D:5      | Found a staircase to the Ecumenical Temple.
  3061 | D:5      | Reached skill level 5 in Armour
  3061 | D:5      | Reached skill level 5 in Dodging
  3092 | D:5      | Found an iron altar of Okawaru.
  3416 | D:6      | Reached skill level 8 in Axes
  3441 | D:6      | Reached XP level 8. HP: 66/70 MP: 7/7
  3739 | D:6      | Got a distressingly furry scale mail
  3750 | D:6      | Identified the cursed +1 scale mail of Loisibb {rC+ Int-4 Dex+2} (You found it on level 6 of the Dungeon)
  3750 | D:6      | Lost intelligence.
  4125 | D:6      | Reached skill level 9 in Axes
  4196 | D:7      | Reached **** piety under Trog
  4438 | D:7      | Reached XP level 9. HP: 64/79 MP: 8/8
  4592 | D:7      | Reached skill level 10 in Axes
  4933 | D:8      | Noticed Erolcha
  4945 | D:8      | Killed Erolcha
  5099 | D:8      | Reached skill level 11 in Axes
  5522 | D:8      | Reached XP level 10. HP: 72/90 MP: 9/9
  5695 | D:9      | Reached ***** piety under Trog
  6013 | D:9      | Reached skill level 12 in Axes
  6192 | D:10     | Entered Level 10 of the Dungeon
  6228 | D:10     | Found a staircase to the Orcish Mines.
  6326 | D:10     | Found Zomech's Antique Armour Shop.
  6419 | D:10     | Found a portal to a secret trove of treasure.
  6530 | D:10     | Noticed a hill giant
  6538 | D:10     | Killed a hill giant
  6617 | D:10     | Found a staircase to the Lair.
  6899 | D:11     | Reached skill level 1 in Evocations
  6955 | D:11     | Noticed a green ugly thing
  6967 | D:11     | Killed a green ugly thing
  7045 | D:11     | Noticed a green ugly thing
  7049 | D:11     | Noticed a cyclops
  7051 | D:11     | Reached XP level 11. HP: 71/99 MP: 11/11
  7061 | D:11     | Killed a green ugly thing
  7087 | D:11     | Reached skill level 10 in Fighting
  7212 | D:11     | Reached skill level 13 in Axes
  7315 | D:11     | Noticed a brown ugly thing
  7323 | D:11     | Killed a brown ugly thing
  7323 | D:11     | Received a gift from Trog
  7488 | D:11     | Noticed a deep elf mage
  7496 | D:11     | Killed a deep elf mage
  7644 | D:11     | Reached skill level 10 in Armour
  7731 | D:12     | Noticed a hill giant
  7737 | D:12     | Killed a hill giant
  7777 | D:12     | Noticed a cyan ugly thing
  7779 | D:12     | Noticed a hill giant
  7782 | D:12     | Killed a hill giant
  7784 | D:12     | Killed a cyan ugly thing
  7823 | D:12     | Noticed a hill giant
  7832 | D:12     | Killed a hill giant
  8405 | D:12     | Reached skill level 14 in Axes
  8477 | D:12     | Noticed a hill giant
  8480 | D:12     | Reached XP level 12. HP: 62/108 MP: 14/14
  8871 | D:12     | Noticed an eight-headed hydra
  8874 | D:12     | Killed a nine-headed hydra
  8972 | D:12     | Noticed a five-headed hydra
  8982 | D:12     | Killed a seven-headed hydra
  9149 | D:13     | Reached skill level 10 in Dodging
  9211 | D:13     | Noticed a four-headed hydra
  9221 | D:13     | Killed a six-headed hydra
  9576 | D:14     | Reached skill level 5 in Evocations
  9668 | D:14     | Reached skill level 15 in Axes
  9727 | D:14     | Noticed a five-headed hydra
  9733 | D:14     | Killed a seven-headed hydra
  9802 | D:14     | Noticed a centaur warrior
  9802 | D:14     | Received a gift from Trog
  9805 | D:14     | Found a gate to the Vaults.
  9810 | D:14     | Killed a centaur warrior
  9815 | D:14     | Noticed a tengu warrior
  9816 | D:14     | Killed a tengu warrior
  9879 | D:14     | Reached XP level 13. HP: 57/118 MP: 16/16
 10168 | D:14     | Hit by a large rock thrown by a cyclops

Vault maps used:
D:1:      dpeg_arrival_arbitrary_c
D:2:      nicolae_overflow_hidden_temple
D:3:      gammafunk_temple_overflow_pools, uniq_robin
D:4:      overflow_temple_1_default
D:5:      minmay_temple_entry_glass, first_bread, okawaru_altar_gauntlet_db,
          uniq_grinder
D:8:      hangedman_little_slice_of_home, uniq_erolcha
D:10:     lair_0_dummy, orc_0_dummy, serial_shops, kennysheep_mini,
          nicolae_trove_entry_free_sample
D:11:     serial_glass, glass_columns_b, glass_columns_a, glass_columns_a,
          glass_columns_a, feat_on_display, item_on_display_a
D:12:     kennysheep_nub, amalloy_card_club
D:14:     hangedman_vaults_entry_quadrant_bands, elyvilon_altar_4

Skill      XL: |  1  2  3  4  5  6  7  8  9 10 11 12 |
---------------+-------------------------------------+-----
Armour         | 3 4 5 6 7 9 10 11 | 11.9
Axes           | 4 5 6 8 9 11 12 14 15 | 15.8
Fighting       | 4 5 7 8 9 10 12 | 12.2
Dodging        | 3 4 5 6 7 8 9 10 | 10.9
Evocations     | 1 4 5 |  5.9

Action                   |  1- 3 |  4- 6 |  7- 9 | 10-12 | 13-15 || total
-------------------------+-------+-------+-------+-------+-------++-------
Melee: Hand axe          |    71 |   122 |   272 |    68 |       ||   533
       War axe           |       |       |       |   344 |       ||   344
       Battleaxe         |       |       |       |    33 |    55 ||    88
Throw: Javelin           |       |       |       |     5 |       ||     5
Invok: Berserk           |     1 |     1 |     5 |    16 |     2 ||    25
       Trog's Hand       |       |     1 |     1 |     2 |       ||     4
       Burn Spellbooks   |       |       |       |     4 |       ||     4
       Brothers in Arms  |       |       |       |     2 |       ||     2
Evoke: Wand              |       |       |       |     4 |       ||     4
  Use: Scroll            |       |       |    11 |     9 |     1 ||    21
       Potion            |       |       |       |     1 |     1 ||     2
 Stab: Distracted        |       |       |       |     1 |       ||     1
  Eat: Chunk             |     2 |     5 |     9 |    30 |     2 ||    48
       Pizza             |       |       |     1 |       |       ||     1
       Meat ration       |       |       |     1 |       |       ||     1
       Beef jerky        |       |       |       |     2 |       ||     2
